 Dungeon Crawl Stone Soup version 0.25-a0-860-gf695395b5c (console) character file.

Game seed: 15744999990554776370, levelgen mode: classic

37 Duffy the Sneak (level 3, 0/28 HPs)
             Began as a Naga Fire Elementalist on Apr 28, 2020.
             Slain by a gnoll
             ... wielding a +0 whip
              (6 damage)
             ... on level 1 of the Dungeon.
             The game lasted 00:01:15 (1254 turns).

Duffy the Sneak (Naga Fire Elementalist)            Turns: 1254, Time: 00:01:16

Health: 0/28       AC:  2    Str: 10    XL:     3   Next: 41%
Magic:  6/6        EV: 10    Int: 20    God:
Gold:   79         SH:  0    Dex: 11    Spells: 2/6 levels left

rFire    . . .     SeeInvis +   c - ration
rCold    . . .     Gourm    .   (no shield)
rNeg     . . .     Faith    .   a - +0 robe
rPois    +         Spirit   .   (no helmet)
rElec    .         Reflect  .   (no cloak)
rCorr    .         Harm     .   (no gloves)
MR       .....                  (no barding)
Stlth    ++........             (no amulet)
HPRegen  0.09/turn              j - +4 ring of intelligence
MPRegen  0.10/turn              (no ring)

@: short of breath, very slow
A: large, see invisible, deformed body, poison resistance, slowness 2, slow
metabolism 1, spit poison 1, AC +1
a: Spit Poison


You were on level 1 of the Dungeon.
You were not hungry.

You visited 1 branch of the dungeon, and saw 2 of its levels.

You collected 79 gold pieces.

Inventory:

Armour
 a - a +0 robe (worn)
Jewellery
 j - a +4 ring of intelligence (left hand)
Scrolls
 b - 2 scrolls of identify {unknown}
 f - a scroll of immolation {unknown}
 h - a scroll of magic mapping {unknown}
 i - a scroll of random uselessness {unknown}
 l - a scroll of fear {unknown}
Potions
 e - 2 potions of stabbing {unknown}
 g - a potion of brilliance {unknown}
 k - a potion of might {unknown}
 m - a potion of curing {unknown}
Comestibles
 c - a ration (in hand)
 d - a chunk of flesh


   Skills:
 - Level 1.5 Dodging
 - Level 3.0 Stealth
 + Level 2.2 Spellcasting
 - Level 3.0 Conjurations
 - Level 3.0 Fire Magic


You had 2 spell levels left.
You knew the following spells:

 Your Spells              Type           Power        Failure   Level  Hunger
h - Foxfire               Conj/Fire      ##..         4%          1    #......
l - Conjure Flame         Conj/Fire      ##......     14%         3    ###....

Your spell library contained the following spells:

 Spells                   Type           Power        Failure   Level  Hunger
 Inner Flame              Hex/Fire       #.......     26%         3    ###....
 Sticky Flame             Conj/Fire      ##......     41%         4    #####..
 Fireball                 Conj/Fire      ##........   77%         5    ######.


Dungeon Overview and Level Annotations

Branches:
Dungeon (2/15)

Altars:
Qazlal


Innate Abilities, Weirdness & Mutations

You cannot wear boots.
Your serpentine skin is tough. (AC +1)
You have supernaturally acute eyesight. (SInv)
Armour fits poorly on your strangely shaped body.
Your system is resistant to poisons. (rPois)
You cover ground very slowly.
You have a slow metabolism.
You can spit poison.


Message History

The frilled lizard closely misses you. The ooze hits you.
The frilled lizard bites you. The ooze hits you. The frilled lizard bites you.
The gnoll hits you with a +0 whip.
Your magical contamination has completely faded away.
The frilled lizard barely misses you. The frilled lizard closely misses you.
The frilled lizard closely misses you.
Some of the chunks of flesh in your inventory have rotted away.
The frilled lizard bites you.
There is a stone staircase leading up here.
The frilled lizard closely misses you. The gnoll hits you with a +0 whip.
You climb upwards.
There is a stone staircase leading down here.
Press: ? - help, Shift-Dir - straight line, f - frilled lizard
Aim: a frilled lizard The splash of poison misses the frilled lizard.
You feel slightly more hungry. The frilled lizard bites you.
The gnoll hits you with a +0 whip.
You die...

.####
#..#####.#############
....# #..# #.# ###.# #..#
#.########## ##.###..#
#..........# ##.#.##..##
##########.# ..###.....#
#.# #..#..#..##### #.#
..#.#........##########.#
#.###.#..###....l@g.....#
##...##...#########.#####
##.####.##########.# #.#
#.##.#.#.#.#.#
###.####............#
....##....#.#.#.#.###
######.############ #.#
### #.###.#


You could see a gnoll and a frilled lizard.

Vanquished Creatures
  An adder (D:2)
  3 dart slugs (D:1)
  2 giant cockroaches
  2 goblins
  4 hobgoblins (D:1)
  A quokka (D:2)
  A ball python (D:1)
  3 bats
  3 kobolds
  3 rats
23 creatures vanquished.

Vanquished Creatures (others)
  69 foxfires
69 creatures vanquished.

Grand Total: 92 creatures vanquished

Notes
Turn   | Place    | Note
-------+----------+-------------------------------------------
     0 | D:1      | Duffy the Naga Fire Elementalist began the quest for the
                  | Orb.
     0 | D:1      | Reached XP level 1. HP: 15/15 MP: 3/3
   190 | D:1      | Reached XP level 2. HP: 22/22 MP: 5/5
  1099 | D:2      | Reached XP level 3. HP: 28/28 MP: 2/6
  1104 | D:2      | Learned a level 3 spell: Conjure Flame
  1162 | D:2      | Found a stormy altar of Qazlal.
  1254 | D:1      | Slain by a gnoll

Levels and vault maps discovered:
D:1:      tarquinn_simple_flora_water_e, layout_loops_ring,
          minmay_misc_feat_five, minmay_misc_feat_hallway
D:2:      layout_basic, gammafunk_temple_overflow_claw, lemuel_doored_altar,
          grunt_ministairs_1

Skill      XL: |  1  2  3 |
---------------+----------+-----
Conjurations   | 2 3 |  3.0
Dodging        | |  1.5
Stealth        | |  3.0
Spellcasting   | |  2.2
Fire Magic     | |  3.0

Action                   || total
-------------------------++-------
 Cast: Foxfire           ||    47
 Abil: Spit Poison       ||    19
  Eat: Chunk             ||     2
Armor: Robe              ||     7
Dodge: Dodged            ||    17

Table legend:
 A = Non-vault XP
 B = Vault XP
 C = Vault XP percentage of total XP
 D = Non-vault monster count
 E = Vault monster count
 F = Vault count percentage of total count
                 A         B        C        D         E       F
            +---------+---------+-------+---------+---------+-------
      Total |      53 |       1 |   1.9 |      22 |       1 |   4.3
            +---------+---------+-------+---------+---------+-------
        D:1 |      30 |       0 |   0.0 |      15 |       0 |   0.0
        D:2 |      23 |       1 |   4.2 |       7 |       1 |  12.5
            +---------+---------+-------+---------+---------+-------
